 Dungeon Crawl Stone Soup version 0.20.1-1-g8b1a95d (webtiles) character file.

19555 Mitsuki the Unseen (level 12, -10/51 HPs)
             Began as a Spriggan Enchanter on Sept 11, 2017.
             Was a High Priest of Dithmenos.
             Mangled by Urug
             ... wielding a +3 battleaxe of freezing
              (24 damage)
             ... on level 12 of the Dungeon.
             The game lasted 01:55:43 (17884 turns).

Mitsuki the Unseen (Spriggan Enchanter)            Turns: 17884, Time: 01:55:43

Health: -10/51     AC:  4    Str:  4    XL:     12   Next: 37%
Magic:  15/25      EV: 22    Int: 19    God:    Dithmenos [*****.]
Gold:   886        SH:  0    Dex: 19    Spells: 18/27 levels left

rFire    + . .     SeeInvis +   m - +2 short sword (venom)
rCold    x . .     Gourm    .   (shield restricted)
rNeg     . . .     Faith    .   G - +0 troll leather armour
rPois    .         Spirit   .   (helmet restricted)
rElec    .         Reflect  .   n - scarf {repulsion}
rCorr    .         Harm     +   (gloves unavailable)
MR       +++..                  (boots unavailable)
Stlth    ++++++++++             o - amulet of harm
Regen    0.6/turn               i - ring of fire
MPRegen  0.2/turn               E - ring of protection from magic

@: very slightly contaminated, wreathed by umbra, repel missiles, very quick
A: unfitting armour, horns 1, see invisible, blink, herbivore 3, speed 3, slow
metabolism 2
a: Blink, Shadow Step, Shadow Form, Renounce Religion


You were on level 12 of the Dungeon.
You worshipped Dithmenos.
Dithmenos was extremely pleased with you.
You were not hungry.

You visited 3 branches of the dungeon, and saw 14 of its levels.
You also visited: Bailey.

You collected 886 gold pieces.

Inventory:

Hand Weapons
 a - a +1 dagger
 m - a +2 short sword of venom (weapon)
 r - a +0 dagger of holy wrath
 L - the +5 arbalest of the Undead {penet, rElec rF+++ Dex-2, unknown}
   (You took it off an orc warrior in a bailey)

   Ammo fired by it will pass through the targets it hits, potentially hitting
   all targets in its path until it reaches maximum range.
   It affects your dexterity (-2).
   It renders you almost immune to fire.
   It insulates you from electricity.
Armour
 b - a +1 robe
 n - a scarf of repulsion (worn)
 s - a +0 cloak
 G - a +0 troll leather armour (worn)
Jewellery
 i - a ring of fire (left hand)
 k - an uncursed ring of ice
 o - an amulet of harm (around neck)
 E - a ring of protection from magic (right hand)
 F - an uncursed ring of protection from magic
Wands
 t - a wand of lightning (2/15)
 u - a wand of polymorph (9/24)
 v - a wand of digging (16/24)
 w - a wand of confusion (23/48)
 C - a wand of enslavement (11/24)
 N - a wand of paralysis (13/24)
Scrolls
 e - 3 scrolls of teleportation
 f - 7 scrolls of identify
 j - a scroll of enchant armour
 y - 4 scrolls of remove curse
 z - a scroll of fog
 K - a scroll of enchant weapon {unknown}
Potions
 g - a potion of berserk rage
 h - 4 potions of magic
 l - 3 potions of curing
 p - a potion of haste
 D - a potion of flight
 H - a potion of invisibility
 M - 2 potions of might
 O - a potion of ambrosia
Books
 c - a book of Maledictions

   Spells                             Type                      Level
   a - Corona                         Hexes                        1
   b - Ensorcelled Hibernation        Hexes/Ice                    2
   c - Confuse                        Hexes                        3
   d - Tukima's Dance                 Hexes                        3
   e - Dazzling Spray                 Conjuration/Hexes            3
 q - a book of Changes

   Spells                             Type                      Level
   a - Beastly Appendage              Transmutation                1
   b - Sticks to Snakes               Transmutation                2
   c - Spider Form                    Transmutation/Poison         3
   d - Ice Form                       Ice/Transmutation            4
   e - Blade Hands                    Transmutation                5
 x - a book of Conjurations

   Spells                             Type                      Level
   a - Magic Dart                     Conjuration                  1
   b - Searing Ray                    Conjuration                  2
   c - Dazzling Spray                 Conjuration/Hexes            3
   d - Fulminant Prism                Conjuration/Hexes            4
   e - Force Lance                    Conjuration/Translocation    4
   f - Iskenderun's Mystic Blast      Conjuration                  4
 A - a book of Cantrips

   Spells                             Type                      Level
   a - Confusing Touch                Hexes                        1
   b - Animate Skeleton               Necromancy                   1
   c - Summon Small Mammal            Summoning                    1
   d - Apportation                    Translocation                1
 B - a book of Frost

   Spells                             Type                      Level
   a - Freeze                         Ice                          1
   b - Throw Frost                    Conjuration/Ice              2
   c - Ozocubu's Armour               Charms/Ice                   3
   d - Throw Icicle                   Conjuration/Ice              4
   e - Summon Ice Beast               Ice/Summoning                4
Miscellaneous
 I - a fan of gales
Comestibles
 d - 5 bread rations
 J - 10 royal jellies


   Skills:
 + Level 7.6 Short Blades
 + Level 7.3 Dodging
 + Level 18.5 Stealth
 - Level 8.2 Spellcasting
 * Level 14.5 Hexes
 - Level 1.0 Ice Magic


You had 18 spell levels left.
You knew the following spells:

 Your Spells              Type           Power        Failure   Level  Hunger
a - Ensorcelled Hibernat  Hex/Ice        #####.       1%          2    None
b - Confuse               Hex            ######..     1%          3    None
c - Corona                Hex            ######.      1%          1    None
d - Tukima's Dance        Hex            ######..     1%          3    None


Dungeon Overview and Level Annotations

Branches:
Dungeon (12/15)            Temple (1/1) D:5            Lair (1/6) D:10
    Orc: D:9-12

Altars:
Ashenzari
Dithmenos
Elyvilon
Fedhas
Hepliaklqana
Kikubaaqudgha
Makhleb
Okawaru
Ru
Uskayaw
Vehumet
Xom
Yredelemnul
Zin
The Shining One
Beogh

Shops:
D:10 }

Annotations:
D:12 Urug


Innate Abilities, Weirdness & Mutations

You are very small and have problems with some larger weapons.
You are too small for most types of armour.
You have supernaturally acute eyesight. (SInv)
You are a herbivore.
You cover ground extremely quickly.
You need consume almost no food.
You have a pair of small horns on your head.
You can translocate small distances at will.


Message History

You hit Urug but do no damage.
Urug is poisoned.
You headbutt Urug, but do no damage.
Urug hits you with a battleaxe of freezing!!
Ouch! That really hurt!
You emit a cloud of dark smoke.
Urug freezes you!
* * * LOW HITPOINT WARNING * * *
Casting: Ensorcelled Hibernation
Confirm with . or Enter, or press ? or * to list all spells.
Aiming: Ensorcelled Hibernation
Press: ? - help, Shift-Dir - straight line, f/p - Urug
Aim: Urug, wielding a battleaxe of freezing and wearing a runed ring mail (lightly wounded, poisoned, umbra, chance to defeat MR: 48%) Urug resists with almost no effort.
Casting: Ensorcelled Hibernation
Confirm with . or Enter, or press ? or * to list all spells.
Aiming: Ensorcelled Hibernation
Press: ? - help, Shift-Dir - straight line, f/p - Urug
Aim: Urug, wielding a battleaxe of freezing and wearing a runed ring mail (black smoke, lightly wounded, poisoned, umbra, chance to defeat MR: 48%) Urug resists with almost no effort.
Urug hits you with a battleaxe of freezing!!
You die...

....))..'>..'..#.#
#.#
#########...####.#
#.# #...# #.# #.#
#...# #.# #.#
#...# #.# #)#
##### #.# #.#
#.##########.#
#.#..........#
####@#.##########
..##o#.# #.#§§§.#
#.#§§########
#.#§.........
#.#.#########
#######.#.#
#.......#.#
#.#####.#(#


You could see Urug.

Vanquished Creatures
  Azrael (D:12)
  A two-headed ogre (D:12)
  2 skeletal warriors (D:12)
  An unseen horror (D:11)
  Pikel (D:6)
  An orc knight (Bailey)
  A cyclops (D:11)
  A manticore (D:11)
  3 ugly things
  Maurice (D:11)
  Joseph (D:10)
  An elephant (D:10)
  4 centaur skeletons
  A komodo dragon (D:10)
  3 trolls
  A hornet (D:10)
  2 hippogriffs
  15 yaks
  A vampire (D:10)
  2 basilisks (D:10)
  3 wyverns
  4 fire elementals (D:12)
  A steam dragon (D:10)
  A hungry ghost (D:11)
  2 acid dragons (D:11)
  A water moccasin (D:9)
  A soldier ant (D:11)
  3 hell hounds (D:12)
  The ghost of Mitsuki the Sneak, an amateur SpEn (D:4)
  2 ice beasts (D:12)
  An eye of draining (D:11)
  13 orc warriors
  A phantom (D:7)
  A black bear (D:7)
  5 ogres
  2 sky beasts
  A necrophage (D:9)
  2 crocodiles
  11 centaurs
  A big kobold (D:10)
  4 bullfrogs
  A wyvern zombie (D:11)
  A gnoll sergeant (D:9)
  3 scorpions
  4 wights (D:12)
  A howler monkey (D:10)
  2 crimson imps
  A bullfrog zombie (D:7)
  2 quasits
  5 jellies
  13 orc wizards
  A bullfrog skeleton (D:5)
  8 orc priests
  Crazy Yiuf (D:3)
  2 hounds
  Ijyb (D:3)
  A gnoll shaman (D:10)
  3 iguanas
  5 worker ants
  13 gnolls
  14 adders
  A howler monkey skeleton (D:9)
  3 shadow imps
  7 oozes
  3 adder skeletons
  A worm (D:2)
  2 dart slugs
  7 leopard geckos
  88 orcs
  5 giant cockroaches
  15 goblins
  10 hobgoblins
  11 jackals
  6 kobolds
  10 quokkas
  3 ball pythons
  8 bats
  4 frilled lizards (D:1)
  A giant cockroach zombie (D:5)
  10 rats
382 creatures vanquished.

Vanquished Creatures (collateral kills)
  Robin (D:3)
  An orc (D:3)
2 creatures vanquished.

Vanquished Creatures (others)
  An orc wizard (D:6)
  A worker ant (D:6)
  An adder (D:10)
  2 orcs (D:6)
5 creatures vanquished.

Grand Total: 389 creatures vanquished

Notes
Turn   | Place    | Note
-------+----------+-------------------------------------------
     0 | D:1      | Mitsuki the Spriggan Enchanter began the quest for the Orb.
     0 | D:1      | Reached XP level 1. HP: 9/9 MP: 5/5
   268 | D:1      | Reached XP level 2. HP: 13/13 MP: 6/6
   292 | D:1      | Learned a level 2 spell: Ensorcelled Hibernation
  1221 | D:2      | Reached XP level 3. HP: 16/16 MP: 8/8
  1235 | D:2      | Reached skill level 5 in Stealth
  2005 | D:3      | Found a shimmering altar of Xom.
  2298 | D:3      | Reached XP level 4. HP: 14/21 MP: 10/10
  2808 | D:3      | Noticed Robin
  2974 | D:5      | Entered Level 5 of the Dungeon
  3074 | D:5      | Reached skill level 6 in Stealth
  3074 | D:5      | Reached XP level 5. HP: 15/24 MP: 7/11
  3203 | D:5      | Noticed a centaur
  3224 | D:5      | Killed a centaur
  3224 | D:5      | Reached skill level 1 in Ice Magic
  3363 | D:5      | Noticed an ogre
  3366 | D:5      | Found a glowing silver altar of Zin.
  3367 | D:5      | Killed an ogre
  3367 | D:5      | Reached skill level 7 in Stealth
  3367 | D:5      | Reached skill level 5 in Hexes
  3367 | D:5      | Reached XP level 6. HP: 28/28 MP: 11/13
  3621 | D:5      | Learned a level 3 spell: Confuse
  3625 | D:5      | Learned a level 3 spell: Tukima's Dance
  3677 | D:5      | Found a staircase to the Ecumenical Temple.
  3684 | Temple   | Entered the Ecumenical Temple
  3729 | Temple   | Became a worshipper of Dithmenos the Shadowed
  3776 | D:4      | Noticed Mitsuki's ghost (amateur SpEn)
  4144 | D:3      | Noticed Ijyb
  4473 | D:3      | Killed Ijyb
  4734 | D:3      | Killed Robin
  4949 | D:3      | Found a runed door.
  4953 | D:3      | Noticed Crazy Yiuf
  5354 | D:3      | Found an iron altar of Okawaru.
  5901 | D:4      | Reached * piety under Dithmenos
  5901 | D:4      | Reached skill level 5 in Dodging
  5901 | D:4      | Reached XP level 7. HP: 31/32 MP: 11/14
  6156 | D:4      | Killed Mitsuki's ghost
  6476 | D:4      | Reached skill level 8 in Stealth
  6627 | D:4      | Reached skill level 5 in Spellcasting
  7563 | D:6      | Noticed Pikel
  7714 | D:6      | Killed Pikel
  7714 | D:6      | Reached XP level 8. HP: 17/36 MP: 8/17
  7965 | D:3      | Found a shimmering altar of Xom.
  8495 | D:3      | Killed Crazy Yiuf
  8759 | D:3      | Found an iron altar of Okawaru.
  9223 | D:6      | Reached ** piety under Dithmenos
  9223 | D:6      | Reached skill level 9 in Stealth
  9838 | D:7      | Noticed a hippogriff
  9900 | D:7      | Killed a hippogriff
  9983 | D:7      | Found an iron altar of Okawaru.
 10060 | D:7      | Reached skill level 10 in Stealth
 10509 | D:8      | Noticed a brown ugly thing
 10516 | D:8      | Reached XP level 9. HP: 39/39 MP: 18/20
 10913 | D:9      | Noticed a troll
 10959 | D:9      | Killed a troll
 11172 | D:9      | Noticed a troll
 11197 | D:9      | Killed a troll
 11197 | D:9      | Reached skill level 11 in Stealth
 11555 | D:9      | Reached *** piety under Dithmenos
 11555 | D:9      | Reached skill level 12 in Stealth
 11577 | D:9      | Reached skill level 10 in Hexes
 11644 | D:9      | Reached skill level 13 in Stealth
 11657 | D:9      | Reached XP level 10. HP: 15/44 MP: 13/23
 12088 | D:10     | Entered Level 10 of the Dungeon
 12089 | D:10     | Found a staircase to the Lair.
 12089 | D:10     | Noticed an elephant
 12142 | D:10     | Found a shadowy altar of Dithmenos.
 12146 | D:10     | Reached skill level 5 in Short Blades
 12146 | D:10     | Reached skill level 14 in Stealth
 12241 | D:10     | Noticed Joseph
 12248 | D:10     | Killed Joseph
 12253 | D:10     | Found a flagged portal.
 12259 | D:10     | Found Fouqil's Gadget Shoppe.
 12262 | Bailey   | Entered a bailey
 12526 | Bailey   | Noticed an orc knight
 12836 | Bailey   | Killed an orc knight
 12910 | Bailey   | Got a twisted arbalest
 13179 | D:10     | Reached skill level 15 in Stealth
 13187 | D:10     | Found a roughly hewn altar of Beogh.
 13387 | D:10     | Gained mutation: You can translocate small distances at will. [potion of mutation]
 13387 | D:10     | Gained mutation: You have a pair of small horns on your head. [potion of mutation]
 13481 | D:10     | Reached **** piety under Dithmenos
 13750 | D:10     | Reached XP level 11. HP: 47/47 MP: 15/24
 14540 | D:10     | Reached ***** piety under Dithmenos
 14583 | D:11     | Noticed an unseen horror
 14983 | D:10     | Reached skill level 16 in Stealth
 15223 | Lair:1   | Entered Level 1 of the Lair of Beasts
 15617 | D:11     | Noticed a cyan ugly thing
 15624 | D:11     | Killed a cyan ugly thing
 15717 | D:11     | Noticed Maurice
 15724 | D:11     | Killed Maurice
 15749 | D:11     | Reached skill level 17 in Stealth
 15833 | D:11     | Killed an unseen horror
 16915 | D:12     | Noticed Azrael
 17020 | D:12     | Killed Azrael
 17020 | D:12     | Reached skill level 18 in Stealth
 17020 | D:12     | Reached XP level 12. HP: 22/51 MP: 15/25
 17493 | D:12     | Noticed a two-headed ogre
 17498 | D:12     | Killed a two-headed ogre
 17776 | D:12     | Noticed Urug
 17884 | D:12     | Mangled by Urug

Skill      XL: |  1  2  3  4  5  6  7  8  9 10 11 12 |
---------------+-------------------------------------+-----
Spellcasting   | 3 4 5 7 8 |  8.2
Hexes          | 4 5 7 8 10 12 13 14 | 14.5
Stealth        | 5 6 7 8 10 13 15 18 | 18.5
Short Blades   | 2 3 4 5 7 |  7.6
Dodging        | 4 5 6 7 |  7.3
Ice Magic      | 1 |  1.0

Action                   |  1- 3 |  4- 6 |  7- 9 | 10-12 || total
-------------------------+-------+-------+-------+-------++-------
Melee: Dagger            |    92 |   203 |   261 |   427 ||   983
       Short sword       |       |    16 |       |   193 ||   209
       Headbutt          |       |       |       |    58 ||    58
 Cast: Ensorcelled Hiber |    12 |    63 |   101 |   140 ||   316
       Tukima's Dance    |       |     6 |     1 |       ||     7
       Confuse           |       |     1 |    11 |    44 ||    56
Invok: Shadow Step       |       |       |       |     1 ||     1
 Abil: Blink             |       |       |       |     1 ||     1
Evoke: Wand              |       |       |       |     2 ||     2
  Use: Scroll            |     5 |     5 |     4 |     4 ||    18
       Potion            |       |       |       |     9 ||     9
 Stab: Sleeping          |    25 |    31 |    68 |   114 ||   238
       Distracted        |       |     1 |     1 |     8 ||    10
       Confused          |       |       |     9 |    20 ||    29
  Eat: Royal jelly       |       |     1 |       |       ||     1
       Bread ration      |       |     1 |     1 |       ||     2
       Fruit             |       |       |       |     7 ||     7
Armor: Robe              |     5 |    11 |     9 |       ||    25
       Troll leather arm |       |       |       |    28 ||    28
Dodge: Dodged            |    45 |   161 |   173 |   395 ||   774
       Deflected         |       |       |       |     2 ||     2
